 Dungeon Crawl Stone Soup version 0.28-a0-697-g47f3eba078 (webtiles) character file.

Game seed: 1588459705384684799

2072 lorenzova the Thaumaturge (level 9, -6/45 HPs)
             Began as a Deep Elf Conjurer on Oct 23, 2021.
             Was an Initiate of Vehumet.
             Mangled by a vampire (10 damage)
             ... on level 10 of the Dungeon.
             The game lasted 00:14:22 (8770 turns).

lorenzova the Thaumaturge (Deep Elf Conjurer)       Turns: 8770, Time: 00:14:23

Health: -6/45      AC:  4    Str:  4    XL:     9   Next: 5%
Magic:  3/25       EV: 12    Int: 29    God:    Vehumet [......]
Gold:   559        SH:  0    Dex: 13    Spells: 17/28 levels left

rFire   + . .      SeeInvis .   C - +4 spear "Isux" {vorpal, Int+2}
rCold   . . .      Faith    .   (no shield)
rNeg    . . .      Spirit   .   a - +1 robe
rPois   .          Reflect  .   (no helmet)
rElec   .          Harm     .   (no cloak)
rCorr   +          Rampage  .   (no gloves)
Will    .....                   n - +0 pair of boots
Stlth   ++........              (no amulet)
HPRegen 0.15/turn               B - ring of protection from fire
MPRegen 0.19/turn               y - ring of resist corrosion

@: no status effects
A: no striking features
a: Renounce Religion


You were on level 10 of the Dungeon.
You worshipped Vehumet.
Vehumet was noncommittal.
You visited 2 branches of the dungeon, and saw 10 of its levels.

You collected 559 gold pieces.

Inventory:

Hand Weapons
 C - the +4 spear "Isux" (weapon) {vorpal, Int+2}
   (You found it on level 6 of the Dungeon)

   It inflicts extra damage upon your enemies.
   Int:       It affects your intelligence (+2).
 D - the +6 shillelagh "Devastator" {shatter}
   (You found it on level 6 of the Dungeon)

   It releases a powerful concussive burst when it strikes, dealing extra damage
   to the target and all other foes adjacent to them.
Armour
 a - a +1 robe (worn)
 n - a +0 pair of boots (worn)
 A - a +2 ring mail of willpower
Jewellery
 y - a ring of resist corrosion (right hand)
 B - a ring of protection from fire (left hand)
Wands
 v - a wand of polymorph (21)
Scrolls
 e - 2 scrolls of amnesia
 f - 2 scrolls of fog
 i - a scroll of teleportation {unknown}
 j - 4 scrolls of enchant armour
 k - a scroll of torment {unknown}
 l - a scroll of acquirement {unknown}
 o - 3 scrolls of enchant weapon {unknown}
 q - a scroll of silence {unknown}
 r - a scroll of brand weapon {unknown}
 s - a scroll of holy word {unknown}
 t - 2 scrolls of fear {unknown}
 u - 2 scrolls of immolation {unknown}
 x - a scroll of magic mapping {unknown}
Potions
 c - 3 potions of curing
 d - 3 potions of brilliance
 g - a potion of heal wounds
 h - a potion of magic
 p - a potion of invisibility
 w - a potion of flight
 z - a potion of lignification


   Skills:
 - Level 2.4 Dodging
 - Level 2.4 Stealth
 * Level 10.0 Spellcasting
 * Level 9.2 Conjurations
 + Level 5.1 Hexes
 + Level 4.2 Translocations


You had 17 spell levels left.
You knew the following spells:

 Your Spells              Type           Power      Damage    Failure   Level
a - Magic Dart            Conj           100%       1d8       1%          1
b - Searing Ray           Conj           100%       2d8       1%          2
c - Iskenderun's Mystic   Conj/Tloc      52%        2d11      2%          4
d - Fulminant Prism       Conj/Hex       27%        3d14      1%          4

Your spell library contained the following spells:

 Spells                   Type           Power      Damage    Failure   Level
 Foxfire                  Conj/Fire      100%       2x1d9     1%          1
 Apportation              Tloc           78%        N/A       1%          1
 Slow                     Hex            44%        N/A       1%          2
 Confusing Touch          Hex            44%        N/A       1%          3
 Dazzling Flash           Conj/Hex       100%       N/A       1%          3
 Animate Skeleton         Necr           28%        N/A       3%          1
 Summon Small Mammal      Summ           56%        N/A       3%          1
 Mephitic Cloud           Conj/Pois/Air  32%        N/A       3%          3
 Ignite Poison            Fire/Tmut/Pois 14%        N/A       11%         3
 Ozocubu's Armour         Ice            14%        N/A       11%         3
 Vampiric Draining        Necr           7%         2d7       11%         3
 Freezing Cloud           Conj/Ice/Air   16%        6-21      28%         5
 Invisibility             Hex            22%        N/A       56%         6
 Alistair's Intoxication  Tmut/Pois      9%         N/A       71%         5
 Ozocubu's Refrigeration  Ice            7%         4d6       100%        7


Dungeon Overview and Level Annotations

Branches:
Dungeon (8/15)             Temple (1/1) D:6
   Lair: D:8-11

Altars:
Ashenzari
Dithmenos
Elyvilon
Gozag
Kikubaaqudgha
Makhleb
Nemelex Xobeh
Okawaru
Ru
Trog
Uskayaw
Vehumet
Xom
Yredelemnul
Zin
Beogh

Shops:
D:1 (   D:8 *

Annotations:
D:7 1 runed translucent door, Anon1729's ghost, novice MiMo
D:10 Maggie


Message History

Confirm with . or Enter, or press ? or * to list all spells.
You erupt in a blast of force!
The mystic blast hits the vampire.
The vampire is heavily damaged.
The vampire is knocked back by the mystic blast.
Unknown command.
Casting: Iskenderun's Mystic Blast (dangerous; 2% risk of failure)
Confirm with . or Enter, or press ? or * to list all spells.
Aiming: Searing Ray (safe; 1% risk of failure)
Press: ? - help, Shift-Dir - straight line, f/p - vampire
Aim: a vampire (heavily damaged, 83% to hit)
The searing ray misses the vampire. (Press . to maintain the ray.)
The vampire casts a spell.
The vampire flickers and vanishes!
Deactivating autopickup; reactivate with Ctrl-A.
The searing ray hits something but does no damage.
The searing ray hits something.
You hear some strange, mumbled words.
Something tries to affect you, but you resist.
The searing ray hits something.
You finish channelling your searing ray.
Casting: Searing Ray (safe; 1% risk of failure)
Confirm with . or Enter, or press ? or * to list all spells.
Aiming: Searing Ray (safe; 1% risk of failure)
Press: ? - help, Shift-Dir - straight line (Press . to maintain the ray.) Unknown command.
The searing ray hits something.
Something draws life force from you!
The searing ray hits something.
Something draws life force from you!
* * * LOW HITPOINT WARNING * * *
Casting: Searing Ray (safe; 1% risk of failure)
Confirm with . or Enter, or press ? or * to list all spells.
Restarting spell: Searing Ray (safe; 1% risk of failure)
Press: ? - help, Shift-Dir - straight line The searing ray hits something! (Press . to maintain the ray.)
Something hits you.
* * * LOW HITPOINT WARNING * * *
Something bites you!
You die...

##########################
.......[....##..@........###
##.#######......####.......###
..#.## #.....#.# #.##......#
#.##.# ##......# #.##..#.#.#
..#.## ##.##### #.##..#.#.#
##.# #.# #.##..#.#.# ##.# #.#
#.......#.# #.# #+#
####.####.# #.# #.####.#


There were no monsters in sight!

Vanquished Creatures
  Menkaure (D:4)
  Duvessa (D:7)
  A water moccasin (D:7)
  A black bear (D:4)
  An ice beast (D:6)
  An ogre (D:6)
  3 centaurs
  2 phantoms
  A kobold brigand (D:10)
  A water moccasin zombie (D:6)
  2 scorpions (D:6)
  Dowan (D:7)
  3 wights (D:7)
  2 bullfrog zombies (D:6)
  A centaur zombie (D:8)
  3 hounds
  A bullfrog skeleton (D:5)
  An orc priest (D:7)
  4 orc wizards
  Terence (D:2)
  4 iguanas
  Ijyb (D:4)
  A gnoll (D:1)
  3 adders
  A shadow imp (D:8)
  2 white imps (D:6)
  3 dart slugs
  26 orcs
  12 ball pythons
  7 endoplasms
  6 giant cockroaches
  3 goblins
  5 hobgoblins
  11 kobolds
  2 quokkas
  3 bats
  3 frilled lizards
  12 rats
137 creatures vanquished.

Vanquished Creatures (others)
  9 fulminant prisms
9 creatures vanquished.

Grand Total: 146 creatures vanquished

Notes
Turn   | Place    | Note
-------+----------+-------------------------------------------
     0 | D:1      | lorenzova the Deep Elf Conjurer began the quest for the
                  | Orb.
     0 | D:1      | Reached XP level 1. HP: 10/10 MP: 6/6
   183 | D:1      | Reached XP level 2. HP: 15/15 MP: 2/8
   237 | D:1      | Learned a level 2 spell: Searing Ray
   645 | D:1      | Found Olagummeoss's Weapon Emporium.
  1071 | D:2      | Reached skill level 4 in Spellcasting
  1171 | D:2      | Noticed Terence
  1178 | D:2      | Killed Terence
  1179 | D:2      | Reached skill level 5 in Conjurations
  1179 | D:2      | Reached XP level 3. HP: 19/19 MP: 1/10
  1610 | D:2      | Reached XP level 4. HP: 24/24 MP: 9/12
  2520 | D:3      | Reached skill level 5 in Spellcasting
  3088 | D:3      | Reached XP level 5. HP: 27/28 MP: 10/14
  3176 | D:3      | Found a faded altar of an unknown god.
  3673 | D:4      | Noticed Menkaure
  3677 | D:4      | Killed Menkaure
  3678 | D:4      | Reached skill level 6 in Spellcasting
  3679 | D:4      | Reached XP level 6. HP: 18/32 MP: 10/17
  3821 | D:4      | Learned a level 4 spell: Iskenderun's Mystic Blast
  3826 | D:4      | Learned a level 4 spell: Fulminant Prism
  3945 | D:4      | Noticed Ijyb
  4041 | D:4      | Killed Ijyb
  4329 | D:4      | Reached skill level 1 in Hexes
  4364 | D:4      | Reached skill level 1 in Translocations
  4463 | D:4      | Reached skill level 7 in Spellcasting
  4463 | D:4      | Reached XP level 7. HP: 33/36 MP: 10/19
  4801 | D:5      | Entered Level 5 of the Dungeon
  5215 | D:5      | Found a broken altar of Ashenzari.
  5771 | D:6      | Reached skill level 8 in Spellcasting
  5864 | D:6      | You fall into a shaft and drop 2 floors!
  5915 | D:8      | Found Iizean's Incredible Inventory.
  6211 | D:6      | Found a shadowy altar of Dithmenos.
  6421 | D:6      | Reached XP level 8. HP: 41/41 MP: 18/22
  6612 | D:6      | Found the +6 shillelagh "Devastator" {shatter}
  6615 | D:6      | Found an iron altar of Okawaru.
  7138 | D:6      | Found a staircase to the Ecumenical Temple.
  7279 | Temple   | Entered the Ecumenical Temple
  7346 | Temple   | Became a worshipper of Vehumet
  7398 | D:6      | Identified the +4 spear "Isux" {vorpal, Int+2}
  7496 | D:7      | Reached skill level 9 in Spellcasting
  7596 | D:7      | Found a runed translucent door.
  7647 | D:7      | Noticed Anon1729's ghost (novice MiMo)
  7776 | D:7      | Found a burning altar of Makhleb.
  8350 | D:7      | Noticed Duvessa
  8411 | D:7      | Killed Duvessa
  8412 | D:7      | Reached skill level 5 in Hexes
  8422 | D:7      | Noticed Dowan
  8429 | D:7      | Killed Dowan
  8430 | D:7      | Reached XP level 9. HP: 45/45 MP: 10/24
  8523 | D:7      | You fall into a shaft and drop 3 floors!
  8523 | D:10     | Entered Level 10 of the Dungeon
  8568 | D:10     | Noticed Maggie
  8572 | D:10     | Reached skill level 10 in Spellcasting
  8576 | D:10     | Reached * piety under Vehumet
  8576 | D:10     | Offered knowledge of Foxfire by Vehumet.
  8770 | D:10     | Mangled by a vampire

Illustrated notes

Levels and vault maps discovered:
D:1:      dpeg_arrival_rooms_b, layout_loops_ring, serial_shops,
          nicolae_shop_waterfront, minmay_distorted
D:2:      layout_basic, minmay_rat_gold_closets, uniq_terence
D:3:      layout_loops_ring, hellmonk_ecumenical_altar_defaced_shrine,
          minmay_misc_feat_room, corexii_shack
D:4:      layout_loops_ring, uniq_ijyb, uniq_menkaure
D:5:      layout_loops_ring, mainiacjoe_overflow_surrounded_room
D:6:      layout_basic, okawaru_ov_weapons_minmay,
          nicolae_dithmenos_shadow_blocks, minmay_temple_entry_poolview,
          bh_walls_and_bars
D:7:      layout_basic, mainiacjoe_overflow_boulevard, amcnicky_altar_gilded,
          ebering_ghost_reflecting_pool, uniq_duvessa
D:8:      minmay_chambers_of_sixes, layout_gridville, minmay_misc_feat_encased,
          nicolae_alphabet_shops
D:10:     layout_loops_corners, mainiacjoe_overflow_tiny_flanked,
          minmay_misc_feat_x, minmay_shop_damaged, uniq_sonja, uniq_maggie
Temple:   eino_temple_rhombus

Skill      XL: |  1  2  3  4  5  6  7  8  9 |
---------------+----------------------------+-----
Spellcasting   | 4 5 6 7 8 9 10 | 10.0
Conjurations   | 5 6 7 9 |  9.2
Hexes          | 1 3 5 |  5.1
Translocations | 1 2 4 |  4.2
Dodging        | |  2.4
Stealth        | |  2.4

Action                   |  1- 3 |  4- 6 |  7- 9 || total
-------------------------+-------+-------+-------++-------
Melee: Unarmed           |       |     6 |       ||     6
 Cast: Magic Dart        |    40 |    95 |    53 ||   188
       Searing Ray       |     4 |    12 |    41 ||    57
       Fulminant Prism   |       |       |     9 ||     9
       Iskenderun's Myst |       |       |     2 ||     2
  Use: Scroll            |     1 |     5 |     6 ||    12
       Potion            |       |       |     1 ||     1
Armor: Robe              |     3 |     3 |    14 ||    20
Dodge: Dodged            |     3 |     8 |    23 ||    34

Table legend: (Time is in decaauts)
 A = Elapsed time spent in this place.
 B = Non-inter-level travel time spent in this place.
 C = Inter-level travel time spent in this place.
 D = Time resting spent in this place.
 E = Time spent auto-exploring this place.
 F = Levels seen in this place.
 G = Mean time per level.
                   A        B        C        D        E       F      G
               +--------+--------+--------+--------+--------+-----+--------+
         Total |   8756 |   8508 |    248 |   2614 |   4705 |  10 |  875.6 |
       Dungeon |   8672 |   8453 |    219 |   2614 |   4659 |   9 |  963.6 |
        Temple |     83 |     54 |     29 |      0 |     46 |   1 |   83.0 |
               +--------+--------+--------+--------+--------+-----+--------+

Top non-repeatable levels by time:
     D:2: 1583 daAuts
     D:6: 1270 daAuts
     D:4: 1214 daAuts
     D:7: 1100 daAuts
     D:3: 1096 daAuts
     D:5: 930 daAuts
     D:1: 894 daAuts
     D:8: 334 daAuts
    D:10: 246 daAuts
  Temple: 83 daAuts
